 Dungeon Sprint DCSS version 0.30-a0-377-g5cb311bc9f (webtiles) character file.

Game seed: 10958475293721839841

6700000 tbh1313 the Axe Maniac (level 25, -22/257 HPs)
             Began as a Minotaur Monk on Nov 29, 2022.
             Was the Champion of Makhleb.
             Annihilated by The Servant
             ... wielding a +9 glaive of flaming
              (89 damage)
             ... in the Dungeon (Sprint VIII: "Arena of Blood").
             The game lasted 00:03:44 (67 turns).

tbh1313 the Axe Maniac (Minotaur Monk)                Turns: 67, Time: 00:03:44

Health: -22/257    AC:  4    Str: 28    XL:     25   Next: 29%
Magic:  23/53      EV: 25    Int:  7    God:    Makhleb [******]
Gold:   0          SH:  0    Dex: 13    Spells: 78/78 levels left

rFire   . . .      SeeInvis .    j - +∞ Axe of Woe
rCold   . . .      Faith    .    (shield currently unavailable)
rNeg    . . .      Spirit   .    b - +0 robe
rPois   .          Reflect  .    (helmet restricted)
rElec   .          Harm     .    (no cloak)
rCorr   .          Rampage  .    (no gloves)
Will    +....      NoTele   +    (no boots)
Stlth   +++++++++.               (no amulet)
HPRegen 0.62/turn                a - +30 ring of slaying
MPRegen 0.33/turn                k - +30 ring of slaying

@: no status effects
A: horns 2, retaliatory headbutt
a: Renounce Religion, Minor Destruction, Lesser Servant of Makhleb, Major
Destruction, Greater Servant of Makhleb


You were in the Dungeon.
You worshipped Makhleb.
Makhleb was exalted by your worship.
You visited 1 branch

Inventory:

Hand Weapons
 j - the +∞ Axe of Woe (weapon)
   (You found it in the Dungeon)
Armour
 b - a +0 robe (worn)
Jewellery
 a - a +30 ring of slaying (left hand)
 k - a +30 ring of slaying (right hand)
Scrolls
 i - a scroll of blinking
Potions
 c - a potion of ambrosia
 d - a potion of curing
 e - a potion of heal wounds
 f - a potion of haste
 g - 2 potions of magic
 h - a potion of berserk rage


   Skills:
 O Level 27 Fighting
 + Level 21.2(24.6) Short Blades
 + Level 22.9(26.5) Long Blades
 O Level 27 Axes
 + Level 23.0(27) Maces & Flails
 + Level 22.9(27) Polearms
 + Level 22.9(27) Staves
 O Level 27 Ranged Weapons
 + Level 19.8 Throwing
 O Level 27 Armour
 O Level 27 Dodging
 O Level 27 Stealth
 + Level 22.9 Shields
 + Level 21.2 Unarmed Combat
 O Level 27 Spellcasting
 + Level 15.6 Conjurations
 + Level 14.3 Hexes
 + Level 15.5 Summonings
 + Level 15.6 Necromancy
 + Level 15.5 Translocations
 + Level 16.8 Transmutations
 + Level 15.6 Fire Magic
 + Level 15.5 Ice Magic
 + Level 15.5 Air Magic
 + Level 16.9 Earth Magic
 + Level 15.7 Poison Magic
 O Level 27 Invocations
 + Level 18.3 Evocations


You had 78 spell levels left.
You didn't know any spells.
Your spell library was empty.

Dungeon Overview and Level Annotations

Branches:
Dungeon (1/1)

Altars:
Makhleb

Annotations:
D The Servant


Innate Abilities, Weirdness & Mutations

You have a pair of horns on your head.
You reflexively headbutt those who attack you in melee.


Message History

The Servant burns you!!
* * * LOW HITPOINT WARNING * * *
The destroyer points at you and mumbles some strange words.
The destroyer blinks!
You hear a shout!
A meat berserker comes into view. It is wielding a +9 battleaxe.
You hear a shout!
Your base Short Blades skill gained 2 levels and is now at level 21!
Your base Long Blades skill increases to level 22!
Your base Maces & Flails skill gained 2 levels and is now at level 23!
Your base Polearms skill increases to level 22!
Your base Staves skill increases to level 22!
Your Throwing skill increases to level 19!
Your Shields skill increases to level 22!
Your Unarmed Combat skill gained 2 levels and is now at level 21!
Your Conjurations skill increases to level 15!
Your Hexes skill increases to level 14!
Your Summonings skill increases to level 15!
Your Necromancy skill increases to level 15!
Your Translocations skill increases to level 15!
Your Transmutations skill increases to level 16!
Your Fire Magic skill increases to level 15!
Your Ice Magic skill increases to level 15!
Your Air Magic skill increases to level 15!
Your Earth Magic skill increases to level 16!
Your Poison Magic skill increases to level 15!
Your Evocations skill increases to level 18!
You have reached level 25!
A bag of meat comes into view. It is wielding a +9 war axe.
You chop the bag of meat into pieces!!!!
You slaughter the bag of meat joyfully.
You kill the bag of meat!
Makhleb accepts your kill.
You feel better.
You are engulfed in blazing flames.
The bag of meat burns!
The meat beast is engulfed in blazing flames.
You hear a shout! x2
The bag of meat is engulfed in blazing flames.
You hear a shout! x3
The Servant hits you from afar with a +9 glaive of flaming!!!!
You die...

O..... ... ..o...o
...... .. #...§oz
#.......# ..o#...
#zO.....#
#..o...###.......###.
.....o§§§§..###......
....#@)§o§..._......
..#.oOz@2§#.....#
.....o)o).#_)<._# .
..#...o).)#).).M#....
....#.))))V§)_.......
.........§§)###......
....W..###§)§....###.
....... #)))....#
....... #.......#
#...... ..........


You could see a meat beast (fast), The Servant, a destroyer, 3 sculptors of
flesh, a dread, 3 meat berserkers and 11 bags of meat.

Levels and vault maps discovered:
D:        meatsprint

Notes
Turn   | Place    | Note
-------+----------+-------------------------------------------
     0 | D        | Found the +∞ Axe of Woe
     0 | D        | tbh1313 the Minotaur Monk began the quest for the Orb.
     0 | D        | Reached XP level 1. HP: 19/19 MP: 0/0
     2 | D        | Noticed a bag of meat
     4 | D        | Noticed a bag of meat
     5 | D        | Became a worshipper of Makhleb the Destroyer
     5 | D        | Reached * piety under Makhleb
     5 | D        | Reached ** piety under Makhleb
     8 | D        | Killed a bag of meat
     8 | D        | Noticed a meat berserker
     9 | D        | Reached skill level 27 in Axes
     9 | D        | Reached XP level 2. HP: 42/42 MP: 1/1
     9 | D        | Reached XP level 3. HP: 49/49 MP: 2/2
     9 | D        | Reached XP level 4. HP: 57/57 MP: 3/3
     9 | D        | Reached XP level 5. HP: 63/63 MP: 4/4
     9 | D        | Reached XP level 6. HP: 71/71 MP: 5/5
     9 | D        | Reached XP level 7. HP: 78/78 MP: 6/6
     9 | D        | Reached XP level 8. HP: 85/85 MP: 7/7
     9 | D        | Reached XP level 9. HP: 92/92 MP: 8/8
     9 | D        | Reached XP level 10. HP: 100/100 MP: 9/9
     9 | D        | Noticed a bag of meat
    11 | D        | Noticed a bag of meat
    12 | D        | Noticed a bag of meat
    13 | D        | Killed a meat berserker
    13 | D        | Killed a bag of meat
    13 | D        | Noticed a bag of meat
    14 | D        | Reached skill level 27 in Fighting
    14 | D        | Reached XP level 11. HP: 143/143 MP: 10/10
    14 | D        | Reached XP level 12. HP: 151/151 MP: 11/11
    14 | D        | Reached XP level 13. HP: 159/159 MP: 12/12
    14 | D        | Noticed a bag of meat
    15 | D        | Noticed a meat berserker
    17 | D        | Killed a bag of meat
    17 | D        | Reached *** piety under Makhleb
    18 | D        | Noticed a meat berserker
    19 | D        | Killed a meat berserker
    19 | D        | Killed a bag of meat
    20 | D        | Reached XP level 14. HP: 132/168 MP: 13/13
    21 | D        | Killed a bag of meat
    21 | D        | Reached **** piety under Makhleb
    22 | D        | Reached skill level 27 in Dodging
    22 | D        | Killed a bag of meat
    23 | D        | Reached skill level 15 in Armour
    23 | D        | Noticed a bag of meat
    24 | D        | Killed a meat berserker
    24 | D        | Killed a bag of meat
    24 | D        | Noticed a destroyer
    25 | D        | Reached XP level 15. HP: 174/174 MP: 14/14
    26 | D        | Noticed a large bag of meat
    26 | D        | Noticed a large bag of meat
    26 | D        | Noticed a destroyer
    26 | D        | Noticed a large bag of meat
    26 | D        | Noticed a large bag of meat
    27 | D        | Noticed a meat berserker
    28 | D        | Killed a destroyer
    28 | D        | Reached ***** piety under Makhleb
    28 | D        | Killed a large bag of meat
    29 | D        | Reached skill level 27 in Armour
    29 | D        | Reached skill level 20 in Invocations
    29 | D        | Reached XP level 16. HP: 158/183 MP: 14/29
    29 | D        | Noticed a destroyer
    30 | D        | Noticed a destroyer
    30 | D        | Noticed a meat berserker
    32 | D        | Killed a meat berserker
    33 | D        | Reached skill level 27 in Invocations
    33 | D        | Reached XP level 17. HP: 191/191 MP: 14/33
    33 | D        | Killed a large bag of meat
    33 | D        | Reached ****** piety under Makhleb
    33 | D        | Killed a large bag of meat
    34 | D        | Noticed a destroyer
    35 | D        | Noticed a destroyer
    36 | D        | Killed a large bag of meat
    37 | D        | Reached skill level 27 in Stealth
    37 | D        | Reached XP level 18. HP: 119/200 MP: 15/34
    37 | D        | Killed a destroyer
    38 | D        | Noticed a sculptor of flesh
    38 | D        | Killed a meat berserker
    39 | D        | Reached XP level 19. HP: 201/207 MP: 15/45
    40 | D        | Killed a destroyer
    41 | D        | Reached skill level 27 in Spellcasting
    41 | D        | Reached skill level 5 in Ranged Weapons
    41 | D        | Reached skill level 1 in Hexes
    43 | D        | Killed a destroyer
    43 | D        | Killed a destroyer
    43 | D        | Killed a destroyer
    43 | D        | Noticed a meat berserker
    44 | D        | Reached skill level 5 in Conjurations
    44 | D        | Reached skill level 5 in Summonings
    44 | D        | Reached skill level 5 in Necromancy
    44 | D        | Reached skill level 5 in Translocations
    44 | D        | Reached skill level 5 in Transmutations
    44 | D        | Reached skill level 5 in Fire Magic
    44 | D        | Reached skill level 5 in Ice Magic
    44 | D        | Reached skill level 5 in Air Magic
    44 | D        | Reached skill level 5 in Earth Magic
    44 | D        | Reached skill level 5 in Poison Magic
    44 | D        | Reached XP level 20. HP: 216/216 MP: 17/50
    46 | D        | Reached skill level 5 in Hexes
    46 | D        | Noticed a meat berserker
    46 | D        | Noticed a meat berserker
    46 | D        | Noticed a destroyer
    46 | D        | Noticed a tyrant
    47 | D        | Noticed a meat berserker
    47 | D        | Noticed a destroyer
    47 | D        | Noticed a destroyer
    47 | D        | Noticed an accursed
    48 | D        | Killed a meat berserker
    49 | D        | Reached skill level 10 in Long Blades
    49 | D        | Reached skill level 10 in Maces & Flails
    49 | D        | Reached skill level 10 in Polearms
    49 | D        | Reached skill level 10 in Staves
    49 | D        | Reached skill level 10 in Shields
    49 | D        | Noticed a meat berserker
    49 | D        | HP: 16/216 [sculptor of flesh/+9 great sword (200)]
    49 | D        | HP: 4/216 [accursed/divine providence (12)]
    50 | D        | Noticed a meat berserker
    50 | D        | Noticed a tyrant
    51 | D        | Killed a tyrant
    51 | D        | Killed a meat berserker
    51 | D        | Killed a meat berserker
    52 | D        | Reached skill level 10 in Throwing
    52 | D        | Reached XP level 21. HP: 140/224 MP: 19/51
    52 | D        | Killed a destroyer
    53 | D        | Reached skill level 10 in Transmutations
    53 | D        | Reached skill level 10 in Earth Magic
    53 | D        | Reached XP level 22. HP: 203/233 MP: 19/52
    53 | D        | Killed a tyrant
    54 | D        | Reached skill level 15 in Long Blades
    54 | D        | Reached skill level 15 in Maces & Flails
    54 | D        | Reached skill level 15 in Polearms
    54 | D        | Reached skill level 20 in Ranged Weapons
    54 | D        | Reached skill level 15 in Shields
    54 | D        | Reached skill level 10 in Summonings
    54 | D        | Reached skill level 10 in Necromancy
    54 | D        | Reached skill level 10 in Fire Magic
    54 | D        | Reached skill level 10 in Poison Magic
    54 | D        | Noticed an accursed
    54 | D        | Noticed The Servant
    55 | D        | Noticed a tyrant
    55 | D        | Killed a destroyer
    56 | D        | Reached skill level 15 in Unarmed Combat
    56 | D        | Reached skill level 10 in Conjurations
    56 | D        | Reached skill level 10 in Translocations
    56 | D        | Reached skill level 10 in Ice Magic
    56 | D        | Reached skill level 10 in Air Magic
    57 | D        | Reached skill level 15 in Short Blades
    57 | D        | Reached skill level 10 in Hexes
    57 | D        | Reached XP level 23. HP: 228/240 MP: 20/53
    57 | D        | Noticed a large bag of meat
    57 | D        | Noticed a destroyer
    57 | D        | Noticed a destroyer
    57 | D        | Noticed a destroyer
    59 | D        | Reached skill level 15 in Throwing
    60 | D        | Killed a destroyer
    61 | D        | Killed a destroyer
    62 | D        | Reached skill level 15 in Evocations
    64 | D        | Killed a destroyer
    64 | D        | Killed a large bag of meat
    64 | D        | Noticed a meat beast
    64 | D        | Noticed a meat beast
    65 | D        | Reached skill level 20 in Long Blades
    65 | D        | Reached skill level 20 in Maces & Flails
    65 | D        | Reached skill level 20 in Polearms
    65 | D        | Reached skill level 20 in Staves
    65 | D        | Reached skill level 27 in Ranged Weapons
    65 | D        | Reached skill level 20 in Shields
    65 | D        | Reached skill level 15 in Transmutations
    65 | D        | Reached skill level 15 in Earth Magic
    65 | D        | Reached XP level 24. HP: 130/249 MP: 22/53
    65 | D        | Killed an accursed
    66 | D        | Killed a tyrant
    66 | D        | Killed a meat beast
    67 | D        | Reached skill level 15 in Conjurations
    67 | D        | Reached skill level 15 in Summonings
    67 | D        | Reached skill level 15 in Necromancy
    67 | D        | Reached skill level 15 in Translocations
    67 | D        | Reached skill level 15 in Fire Magic
    67 | D        | Reached skill level 15 in Ice Magic
    67 | D        | Reached skill level 15 in Air Magic
    67 | D        | Reached skill level 15 in Poison Magic
    67 | D        | Reached XP level 25. HP: 51/257 MP: 23/53
    67 | D        | Noticed a dread
    67 | D        | Annihilated by The Servant

Table legend: (Time is in decaauts)
 A = Elapsed time spent in this place.
 B = Non-inter-level travel time spent in this place.
 C = Inter-level travel time spent in this place.
 D = Time resting spent in this place.
 E = Time spent auto-exploring this place.
 F = Levels seen in this place.
 G = Mean time per level.
                   A        B        C        D        E       F      G
               +--------+--------+--------+--------+--------+-----+--------+
         Total |     56 |     56 |      0 |      0 |      0 |   1 |   56.0 |
       Dungeon |     56 |     56 |      0 |      0 |      0 |   1 |   56.0 |
               +--------+--------+--------+--------+--------+-----+--------+

Top non-repeatable levels by time:
       D: 56 daAuts

Table legend:
 A = Kills in this place as a percentage of kills in entire the game.
 B = Kills by you in this place as a percentage of kills by you in the entire game.
 C = Kills by friends in this place as a percentage of kills by friends in the entire game.
 D = Other kills in this place as a percentage of other kills in the entire game.
 E = Experience gained in this place as a percentage of experience gained in the entire game.
 F = Experience gained in this place divided by the number of levels of this place that you have seen.
                   A       B       C       D       E      F
               +-------+-------+-------+-------+-------+----------------------
         Total | 100.0 | 100.0 |   N/A |   N/A | 100.0 | 1205172.0
       Dungeon | 100.0 | 100.0 |   N/A |   N/A | 100.0 | 1205172.0
               +-------+-------+-------+-------+-------+----------------------

Action                   |  1- 3 |  4- 6 |  7- 9 | 10-12 | 13-15 | 16-18 | 19-21 | 22-24 | 25-27 || total
-------------------------+-------+-------+-------+-------+-------+-------+-------+-------+-------++-------
Melee: Executioner's axe |     1 |       |       |     1 |     6 |     7 |     8 |    10 |     1 ||    34
Invok: Greater Servant o |       |       |       |       |       |       |       |     1 |       ||     1
Armor: Robe              |       |       |       |       |       |       |       |     1 |       ||     1
Dodge: Dodged            |       |       |       |       |       |     2 |       |     3 |       ||     5

Vanquished Creatures
  A hell beast (D)
  A royal mummy (D)
  11 vampire knights (D)
  15 ogres (D)
  5 two-headed ogres (D)
  3 liches (D)
  36 orcs (D)
  3 skeletal warriors (D)
75 creatures vanquished.
